 Dungeon Crawl Stone Soup version 0.31-a0-221-gbddc013574 (webtiles) character file.

Game seed: 8971907112299524925

341 Jeffwins the Magician (level 6, -2/39 HPs)
             Began as an Octopode Wanderer on July 4, 2023.
             Was an Initiate of Gozag.
             Slain by a sleepcap (19 damage)
             ... on level 5 of the Dungeon.
             The game lasted 00:06:52 (3473 turns).

Jeffwins the Magician (Octopode Wanderer)           Turns: 3473, Time: 00:06:53

Health: -2/39      AC:  1    Str:  7    XL:     6   Next: 56%
Magic:  11/11      EV:  2    Int: 18    God:    Gozag
Gold:   168        SH:  0    Dex: 14    Spells: 3/12 levels left

rFire   . . .        a - +0 dagger
rCold   . . .        c - +0 buckler
rNeg    . . .        (helmet restricted)
rPois   .            (no amulet)
rElec   .            (no ring)
rCorr   .            (no ring)
SInv    .            (no ring)
Will    .....        (no ring)
Stlth   +++          (no ring)
HPRegen 0.26/turn    (no ring)
MPRegen 0.12/turn    (no ring)
                     (no ring)

%: no passive effects
@: about to teleport, sleeping, gold aura
A: almost no armour, amphibious, 8 rings, camouflage 1, gelatinous body 1,
(nimble swimmer 1), tentacles
a: Renounce Religion, Potion Petition, Call Merchant, Bribe Branch


You were on level 5 of the Dungeon.
You worshipped Gozag.
Gozag was aware of your devotion.
You visited 1 branch of the dungeon, and saw 5 of its levels.

You collected 214 gold pieces.
You paid 46 gold pieces to Gozag.


Innate Abilities, Weirdness & Mutations

You cannot wear most types of armour.
You are amphibious.
You can wear up to eight rings at the same time.
Your skin changes colour to match your surroundings (Stealth+).
Your rubbery body absorbs attacks. (AC +1, EV +1)
((You are camouflaged when in or above water. (Stealth+)))
You have tentacles for arms and can constrict up to eight enemies at once.


   Skills:
 + Level 2.2 Fighting
 + Level 2.3 Dodging
 + Level 2.9 Stealth
 + Level 2.3 Shields
 * Level 3.5 Spellcasting
 * Level 2.7 Conjurations
 + Level 2.1 Hexes
 + Level 0.4 Necromancy
 - Level 3.0 Translocations


You had 3 spell levels left.
You knew the following spells:

 Your Spells              Type           Power      Damage    Failure   Level
n - Dispel Undead         Necr           4%         3d7       91%         4
x - Searing Ray           Conj           24%        2d5       12%         2
z - Magic Dart            Conj           48%        1d5       9%          1
I - Blink                 Tloc           26%        N/A       11%         2

Your spell library contained the following spells:

 Spells                   Type           Power      Damage    Failure   Level
 Apportation              Tloc           26%        N/A       8%          1
 Slow                     Hex            40%        N/A       11%         1
 Lesser Beckoning         Tloc           26%        N/A       11%         2
 Momentum Strike          Conj/Tloc      26%        3d8       12%         2
 Kiss of Death            Conj/Necr      32%        2d7       13%         1
 Confusing Touch          Hex            10%        N/A       32%         3
 Vhi's Electric Charge    Tloc/Air       16%        N/A       38%         3
 Inner Flame              Hex/Fire       6%         N/A       43%         3
 Fulminant Prism          Conj/Hex       5%         3d7       67%         4

Inventory:

Hand Weapons
 a - a +0 dagger (weapon)
Missiles
 q - a throwing net {=f}
Armour
 c - a +0 buckler (worn)
Magical Staves
 p - a staff of death
Jewellery
 C - a ring of ice
Wands
 l - a wand of flame (22)
Scrolls
 d - 2 scrolls of enchant armour {unknown}
 f - 3 scrolls of poison {unknown}
 g - 3 scrolls of teleportation {@r4}
 h - 3 scrolls of identify {unknown}
 m - 2 scrolls of silence {unknown}
 o - a scroll of noise {unknown}
 r - a scroll of acquirement {unknown}
Potions
 b - 2 potions of haste {@q3}
 e - a potion of mutation {unknown}
 i - 2 potions of curing {unknown}
 j - a potion of degeneration {unknown}
 k - a potion of invisibility {unknown}
 n - a potion of heal wounds {unknown}
 s - a potion of magic {unknown}

Dungeon Overview and Level Annotations

Branches:
Dungeon (5/15)
 Temple: D:4-7

Altars:
Cheibriados
Elyvilon
Gozag
Kikubaaqudgha
Makhleb
Nemelex Xobeh
Qazlal
Ru
Sif Muna
The Shining One

.####...... .
....#.....o..
..▒...▒▒..
............
.▒.....(...
▒..........#
.....#.....##.........
...............#....
......##.......#$.#
.....##.........@f#
...###
#.........#......
...#.###........##
.....
..............### ...#
..............# ###
^...#.......###
....#.##...##
....#.#....#
......###..#


You could see a sleepcap and an orc.


Message History

s - a clear potion A white imp comes into view.
A white imp is nearby!
A sleepcap comes into view.
The white imp shouts!
You hit the white imp. You grab the white imp.
The white imp is moderately wounded.
You constrict the white imp, but do no damage.
You hear an angry hiss.
You hear a shout!
The white imp hits you. The white imp freezes you.
You hit the white imp.
The white imp is severely wounded.
You constrict the white imp. The sleepcap barely misses you.
The white imp gestures at you. The puff of frost hits you!
You hit the white imp.
You kill the white imp!
You block the sleepcap's attack.
An orc comes into view. It is wielding a +0 falchion.
Unknown command.
Okay, then.
As you read the scroll labelled HACWIU KENG, it crumbles to dust.
You feel strangely unstable.
It was a scroll of teleportation.
The sleepcap releases spores at you!
* * * LOW HITPOINT WARNING * * *
You are engulfed in a cloud of soporific spores!
You fall asleep.
The sleepcap releases spores at you!!
You die...
Your body crumbles into a pile of gold.

Skill      XL: |  1  2  3  4  5 |
---------------+----------------+-----
Stealth        | 1 2 |  2.9
Conjurations   | 1 2 |  2.7
Dodging        | 2 |  2.3
Shields        | 2 |  2.3
Spellcasting   | 3 |  3.5
Fighting       | 2 |  2.2
Hexes          | |  2.1
Necromancy     | |  0.4
Translocations | |  3.0

Action                     |  1- 3 |  4- 6 || total
---------------------------+-------+-------++-------
  Melee: Dagger            |    62 |   104 ||   166
         Constrict         |    12 |    20 ||    32
         Tentacles         |    15 |    25 ||    40
         Punch             |       |     2 ||     2
   Cast: Magic Dart        |     4 |    15 ||    19
    Use: Scroll            |       |     1 ||     1
   Stab: Sleeping          |    10 |     6 ||    16
 Armour: Skin              |     5 |    19 ||    24
  Dodge: Dodged            |    25 |    60 ||    85
  Block: Buckler           |     4 |    18 ||    22

Levels and vault maps discovered:
D:1:      dpeg_arrival_tiny_a, layout_basic, minivault_27,
          minmay_split_cup_small
D:2:      layout_basic
D:3:      layout_rooms, nicolae_overflow_crystal_walls,
          overflow_temple_1_default, lemuel_tele_altar,
          hellmonk_ecumenical_altar_inner_sanctum, minivault_26, uniq_ijyb
D:4:      layout_gridville, minitemple, st_stairs_8, nicolae_eternal_life
D:5:      layout_cave_pools, minivault_26

Notes
Turn   | Place    | Note
-------+----------+-------------------------------------------
     0 | D:1      | Jeffwins the Octopode Wanderer began the quest for the Orb.
     0 | D:1      | Jeffwins set off with the following items: a +0 dagger, a
                  | potion of haste {@q3}, a +0 buckler; and the following
                  | spells available to memorise: Apportation, Slow, Blink,
                  | Vhi's Electric Charge, Inner Flame.
     0 | D:1      | Reached XP level 1. HP: 13/13 MP: 3/3
   215 | D:1      | Learned a level 1 spell: Magic Dart
   308 | D:1      | Reached XP level 2. HP: 18/18 MP: 5/5
   834 | D:2      | Reached skill level 1 in Stealth
  1127 | D:2      | Reached XP level 3. HP: 18/23 MP: 6/6
  1620 | D:3      | Noticed Ijyb
  1636 | D:3      | Killed Ijyb
  1637 | D:3      | Reached skill level 1 in Conjurations
  1637 | D:3      | Reached XP level 4. HP: 11/28 MP: 7/7
  1715 | D:3      | Found a burning altar of Makhleb.
  1737 | D:3      | Found a stormy altar of Qazlal.
  1962 | D:3      | Found a faded altar of an unknown god.
  2256 | D:3      | Found an ancient bone altar of Kikubaaqudgha.
  2362 | D:4      | Noticed an ogre
  2377 | D:4      | Killed an ogre
  2378 | D:4      | Reached skill level 2 in Dodging
  2378 | D:4      | Reached skill level 2 in Stealth
  2378 | D:4      | Reached skill level 2 in Shields
  2378 | D:4      | Reached skill level 3 in Spellcasting
  2378 | D:4      | Reached skill level 2 in Conjurations
  2378 | D:4      | Reached XP level 5. HP: 23/34 MP: 3/9
  2418 | D:4      | Reached skill level 2 in Fighting
  2746 | D:4      | Reached XP level 6. HP: 37/39 MP: 9/11
  2749 | D:4      | Learned a level 2 spell: Blink
  2752 | D:4      | Learned a level 2 spell: Searing Ray
  2757 | D:4      | Learned a level 4 spell: Dispel Undead
  3158 | D:4      | Found a sparkling altar of Nemelex Xobeh.
  3158 | D:4      | Found a glowing golden altar of the Shining One.
  3164 | D:4      | Found a shimmering blue altar of Sif Muna.
  3165 | D:4      | Found a sacrificial altar of Ru.
  3165 | D:4      | Found an opulent altar of Gozag.
  3165 | D:4      | Found a white marble altar of Elyvilon.
  3165 | D:4      | Found a snail-covered altar of Cheibriados.
  3174 | D:4      | Became a worshipper of Gozag Ym Sagoz the Greedy
  3412 | D:5      | Entered Level 5 of the Dungeon
  3473 | D:5      | Slain by a sleepcap

Vanquished Creatures
  An ogre (D:4)
  A scorpion (D:4)
  2 hounds (D:4)
  An iguana (D:4)
  Ijyb (D:3)
  An adder (D:3)
  A white imp (D:5)
  3 dart slugs
  An orc (D:4)
  5 bats
  12 endoplasms
  5 giant cockroaches
  5 goblins
  3 hobgoblins
  3 quokkas
  9 ball pythons
  4 frilled lizards
  4 kobolds
  3 rats
65 creatures vanquished.

Table legend: (Time is in decaauts)
 A = Elapsed time spent in this place.
 B = Non-inter-level travel time spent in this place.
 C = Inter-level travel time spent in this place.
 D = Time resting spent in this place.
 E = Time spent auto-exploring this place.
 F = Levels seen in this place.
 G = Mean time per level.
                   A        B        C        D        E       F      G
               +--------+--------+--------+--------+--------+-----+--------+
         Total |   3484 |   3354 |    130 |      0 |   2805 |   5 |  696.8 |
       Dungeon |   3484 |   3354 |    130 |      0 |   2805 |   5 |  696.8 |
               +--------+--------+--------+--------+--------+-----+--------+

Top non-repeatable levels by time:
     D:4: 1085 daAuts
     D:2: 941 daAuts
     D:3: 759 daAuts
     D:1: 636 daAuts
     D:5: 61 daAuts

Table legend:
 A = Non-vault XP
 B = Vault XP
 C = Vault XP percentage of total XP
 D = Non-vault monster count
 E = Vault monster count
 F = Vault count percentage of total count
                 A         B        C        D         E       F
            +---------+---------+-------+---------+---------+-------
      Total |     445 |      43 |   8.8 |      60 |       5 |   7.7
            +---------+---------+-------+---------+---------+-------
        D:1 |       9 |       5 |  35.7 |       5 |       3 |  37.5
        D:2 |      29 |       0 |   0.0 |      16 |       0 |   0.0
        D:3 |      47 |      36 |  43.4 |      21 |       1 |   4.5
        D:4 |     350 |       2 |   0.6 |      17 |       1 |   5.6
        D:5 |      10 |       0 |   0.0 |       1 |       0 |   0.0
            +---------+---------+-------+---------+---------+-------
